 Dungeon Crawl Stone Soup version 0.26-a0-651-gb41185065b (webtiles) character file.

Game seed: 11030020633056795212

229386 ipx the Executioner (level 18, -7/163 HPs)
             Began as a Minotaur Fighter on Oct 11, 2020.
             Was the Champion of Makhleb.
             Killed by the air
             ... invoked by a titan
              (27 damage)
             ... on level 5 of the Vaults on Oct 13, 2020.
             The game lasted 03:07:09 (10933 turns).

ipx the Executioner (Minotaur Fighter)             Turns: 10933, Time: 03:07:09

Health: -7/163     AC: 23    Str: 32    XL:     18   Next: 30%
Magic:  24/24      EV: 23    Int:  6    God:    Makhleb [******]
Gold:   669        SH:  0    Dex: 20    Spells: 16/17 levels left

rFire    + . .     SeeInvis .   a - +9 executioner's axe (vamp)
rCold    . . .     Faith    .   (shield currently unavailable)
rNeg     . . .     Spirit   .   h - quicksilver dragon scales
rPois    .         Reflect  .   e - +2 hat {MR+}
rElec    .         Harm     .   t - +2 cloak {MR+}
rCorr    .         Rampage  .   C - +1 pair of gloves
MR       ++++.     Rnd*Rage +   u - +0 pair of boots
Stlth    +.........             Z - amulet of Enaitt {Fragile Regen+ Str+6}
HPRegen  0.77/turn              D - ring of Daffodils {+Blink Str+2 Dex+6}
MPRegen  0.19/turn              F - ring of protection from fire

@: no status effects
A: retaliatory headbutt, horns 2, berserk 1
}: 2/15 runes: barnacled, silver
a: Minor Destruction, Lesser Servant of Makhleb, Major Destruction, Greater
Servant of Makhleb, Renounce Religion, Evoke Blink


You were on level 5 of the Vaults.
You worshipped Makhleb.
Makhleb was exalted by your worship.
You visited 5 branches of the dungeon, and saw 32 of its levels.
You also visited: Ice Cave, Volcano and Wizlab.

You collected 2896 gold pieces.
You spent 2227 gold pieces at shops.

Inventory:

Hand Weapons
 a - a +9 vampiric executioner's axe (weapon)
 T - the +5 morningstar of Dissatisfaction {freeze, *Noise rPois MR+}
   (You found it in a wizard's laboratory)

   It has been specially enchanted to freeze those struck by it, causing extra
   injury to most foes and up to half again as much damage against particularly
   susceptible opponents.
   It can also slow down cold-blooded creatures.
   It protects you from poison.
   It affects your resistance to hostile enchantments.
   It may make noises in combat.
Missiles
 x - 2 throwing nets (quivered)
 P - 9 curare-tipped darts
Armour
 e - a +2 hat of magic resistance (worn)
 h - quicksilver dragon scales (worn)
 i - a +1 plate armour of poison resistance
 t - a +2 cloak of magic resistance (worn)
 u - a +0 pair of boots (worn)
 C - a +1 pair of gloves (worn)
 G - the +4 moon troll leather armour {Spirit, Regen++ MP+5}
   (You took it off a moon troll in a wizard's laboratory)

   It affects your magic capacity (+5).
   It increases your rate of regeneration.
Jewellery
 D - the ring of Daffodils (left hand) {+Blink Str+2 Dex+6}
   (You found it on level 6 of the Lair of Beasts)

   [ring of dexterity]

   It affects your strength (+2).
   It affects your dexterity (+6).
   It lets you blink.
 E - an uncursed ring of positive energy
 F - a ring of protection from fire (right hand)
 I - an uncursed ring of ice
 M - an uncursed ring of protection from magic
 O - the amulet of Luafues {Reflect +Inv rElec rN++ Dex+2 SH+5}
   (You found it on level 6 of the Lair of Beasts)

   [amulet of reflection]

   It shields you and reflects attacks.
   It affects your dexterity (+2).
   It insulates you from electricity.
   It greatly protects you from negative energy.
   It lets you turn invisible.
   It affects your SH (+5).
 Y - a +4 ring of slaying
 Z - the amulet of Enaitt (around neck) {Fragile Regen+ Str+6}
   (You found it in a wizard's laboratory)

   [amulet of regeneration]

   It affects your strength (+6).
   It increases your rate of regeneration.
   It will be destroyed if unequipped.
Wands
 f - a wand of paralysis (14)
 o - a wand of digging (3)
 y - a wand of polymorph (16)
 L - a wand of iceblast (16)
 V - a wand of enslavement (7)
Scrolls
 g - 8 scrolls of remove curse
 j - a scroll of enchant weapon
 q - 6 scrolls of immolation
 v - a scroll of summoning
 w - 5 scrolls of teleportation
 B - a scroll of torment
 J - a scroll of magic mapping
 K - 2 scrolls of vulnerability
 R - 2 scrolls of brand weapon
Potions
 c - 2 potions of flight
 k - 5 potions of haste
 l - 4 potions of curing
 m - 2 potions of magic
 n - a potion of lignification
 r - 6 potions of stabbing
 s - a potion of cancellation
 N - 2 potions of mutation
 Q - 2 potions of invisibility
 S - a potion of berserk rage
Miscellaneous
 d - a condenser vane (2/2)
 z - a phial of floods
 H - a lightning rod (4/4)
 U - a condenser vane (2/2)
 W - a box of beasts (inert)
 X - a box of beasts (inert)


   Skills:
 + Level 15.0 Fighting
 + Level 23.2 Axes
 - Level 12.5 Armour
 + Level 13.8 Dodging
   Level 3.6 Shields
 - Level 6.0 Translocations
 - Level 10.0 Invocations
 - Level 10.0 Evocations


You had 16 spell levels left.
You knew the following spells:

 Your Spells              Type           Power        Failure   Level
a - Apportation           Tloc           #.....       5%          1

Your spell library contained the following spells:

 Spells                   Type           Power        Failure   Level
 Blink                    Tloc           N/A          9%          2
 Gell's Gravitas          Tloc           #.........   16%         3
 Lesser Beckoning         Tloc           #.........   16%         3
 Freeze                   Ice            #...         54%         1
 Magic Dart               Conj           #...         54%         1
 Sandblast                Erth           #.....       54%         1
 Summon Small Mammal      Summ           #...         54%         1
 Call Imp                 Summ           #.......     67%         2
 Corpse Rot               Necr/Air       N/A          67%         2
 Passwall                 Tmut/Erth      #.......     67%         2
 Slow                     Hex            #.......     67%         2
 Sublimation of Blood     Necr           #.........   67%         2
 Call Canine Familiar     Summ           #.......     88%         3
 Confusing Touch          Hex            #.......     88%         3
 Conjure Flame            Conj/Fire      #.......     88%         3
 Frozen Ramparts          Ice            #.....       88%         3
 Ignite Poison            Fire/Tmut/Pois #.......     88%         3
 Mephitic Cloud           Conj/Pois/Air  #.......     88%         3
 Ozocubu's Armour         Ice            #.......     88%         3
 Spider Form              Tmut/Pois      #.........   88%         3
 Static Discharge         Conj/Air       #.......     88%         3
 Stone Arrow              Conj/Erth      #.....       88%         3
 Summon Guardian Golem    Hex/Summ       #.......     88%         3
 Tukima's Dance           Hex            #.......     88%         3
 Airstrike                Air            #.........   99%         4
 Dispel Undead            Necr           #.......     99%         4
 Hailstorm                Conj/Ice       #.......     99%         4
 Petrify                  Tmut/Erth      #.......     99%         4
 Summon Ice Beast         Ice/Summ       #.......     99%         4
 Summon Lightning Spire   Summ/Air       #.......     99%         4
 Agony                    Necr           #.......     100%        5
 Alistair's Intoxication  Tmut/Pois      #........    100%        5
 Bolt of Magma            Conj/Fire/Erth #.........   100%        5
 Excruciating Wounds      Necr           #.........   100%        5
 Iskenderun's Battlesphe  Conj           #.......     100%        5
 Lee's Rapid Deconstruct  Erth           #.........   100%        5
 Metabolic Englaciation   Hex/Ice        #.........   100%        5
 Yara's Violent Unravell  Hex/Tmut       #.........   100%        5
 Invisibility             Hex            #.......     100%        6
 Iron Shot                Conj/Erth      #.........   100%        6
 Orb of Destruction       Conj           #.........   100%        7
 Spellforged Servitor     Conj/Summ      #.........   100%        7


Dungeon Overview and Level Annotations

Branches:
Dungeon (15/15)              Lair (6/6) D:10         Shoals (4/4) Lair:4
  Snake (0/4) Lair:2        Slime (0/5) Lair:5          Orc (2/2) D:10
    Elf (0/3) Orc:2        Vaults (5/5) D:13          Crypt (0/3) Vaults:3
  IceCv (visited)         Volcano (visited)          WizLab (visited)
 Temple: D:4-7       Depths: D:15

Altars:
Ashenzari
Cheibriados
Elyvilon
Fedhas
Makhleb
Qazlal
Ru
Sif Muna
Wu Jian
Xom
The Shining One
Beogh
Jiyva

Shops:
D:9 }   D:11 ?   Orc:2 [(?(   Shoals:4 =(   Vaults:3 =

Annotations:
D:6 1 runed translucent door, gbos's ghost, novice NaWn


Innate Abilities, Weirdness & Mutations

You reflexively headbutt those who attack you in melee.
You have a pair of horns on your head.
You tend to lose your temper in combat.


Message History

You feel sick.
Okay, then.
You feel better.
Evoke which item? (* to show all) (? for menu, Esc to quit)
You open the lid... ...and a mature shocksting beast leaps out!
Evoke which item? (* to show all) (? for menu, Esc to quit)
You open the lid... ...and a juvenile weirdshock beast leaps out!
Evoke which item? (* to show all) (? for menu, Esc to quit)
That's the wrong kind of item! (Use * to select it.) Evoke which item? (* to show all) (? for menu, Esc to quit)
Okay, then.
Evoke which item? (* to show all) (? for menu, Esc to quit)
You open the lid... ...and a juvenile fireweird beast leaps out!
The box is emptied!
The titan waves its arms in wide circles.
The air twists around and strikes you!!
You die...

,#....#)C#*#.....###[..#,,*
...C#.c#C)#*#....,,###.#,,*
....#..#...#*#...,,,,###,,*
..#.....#...#*#..,,,,,,*,,*
..#..#..#....#*#.,,,,,,*,,*
*....#..,#...§#**,,,,,,*,,*
*...,...,#...§C##*,,,,,*,,*
,,,*,.#.,,#..§HH##*,,,,*,,*
,,,*,,*,,,#.(§§H@#**,,,^,,*
**********########****,,,,*
,,,,,,,,,,,,,,,,,,,,,,,,,,*
,,,,,,,,,,,,,,,,,,,,,,,,,,*
***************************


You could see a titan and 3 friendly mutant beasts.

Vanquished Creatures
  Bai Suzhen (Shoals:4)
  Nikola (Shoals:4)
  A golden dragon (Vaults:5)
  A tentacled monstrosity (Vaults:5)
  2 titans (Vaults:5)
  A moon troll (WizLab)
  2 quicksilver dragons (WizLab)
  Polyphemus (Shoals:3)
  An ancient champion (Vaults:3)
  9 tentacled starspawn (WizLab)
  A sphinx (Vaults:3)
  4 tengu reavers
  A shadow dragon (Vaults:5)
  3 fire giants
  An orc warlord (Orc:2)
  A frost giant (Vaults:2)
  4 vault wardens
  Louise (Shoals:3)
  A cacodemon (WizLab)
  2 very ugly things (WizLab)
  5 ironheart preservers
  An entropy weaver (Vaults:3)
  5 stone giants
  2 vampire knights (Vaults:3)
  2 deep elf annihilators (Vaults:4)
  A deep elf demonologist (Vaults:5)
  3 ettins
  2 merfolk javelineers
  Snorg (D:12)
  A crystal guardian (WizLab)
  2 merfolk impalers (Shoals:4)
  A deep elf death mage (Vaults:5)
  3 yaktaur captains
  2 great orbs of eyes (WizLab)
  26 vault guards
  Fannar (D:12)
  A rakshasa (D:7)
  A merfolk avatar (Shoals:1)
  4 catoblepae
  2 hydras
  3 merfolk aquamancers (Shoals:4)
  9 two-headed ogres
  Erica (D:10)
  2 ogre magi
  An orc high priest (Orc:2)
  7 death yaks
  A deep elf knight (Vaults:4)
  Sonja (Lair:6)
  A deep troll earth mage (Vaults:5)
  A fire crab (Lair:6)
  2 shadow wraiths (Vaults:4)
  2 skeletal warriors (Volcano)
  5 sea snakes
  A deep troll (Vaults:2)
  An unseen horror (D:13)
  An orange crystal statue (WizLab)
  2 wizards (Vaults:3)
  2 deep elf archers (Vaults:4)
  3 ironbrand convokers
  8 glowing orange brains
  3 harpies (Shoals:4)
  5 orc knights
  3 anaconda skeletons (Volcano)
  2 orc sorcerers
  2 deep elf magi
  11 ugly things
  18 fauns
  3 vault sentinels
  8 cyclopes
  4 merfolk sirens
  6 elephants (Lair:6)
  7 manticores
  5 eyes of devastation (WizLab)
  2 ice statues (IceCv)
  4 black mambas
  Maggie (Lair:2)
  5 water nymphs
  4 cane toads
  4 centaur skeletons
  5 gargoyles (Volcano)
  5 komodo dragons
  2 rime drakes
  7 yaktaurs
  6 trolls
  3 wind drakes
  3 blink frogs (Lair:6)
  5 snapping turtles
  15 merfolk
  14 slime creatures
  8 dream sheep
  8 hippogriffs
  10 starcursed masses (WizLab)
  2 redbacks (Vaults:3)
  3 flying skulls (Volcano)
  48 yaks
  3 wraiths
  2 yaks (shapeshifter)
  A basilisk (Lair:6)
  A wyvern (Lair:6)
  3 alligator skeletons (Volcano)
  2 water elementals
  A neqoxec (WizLab)
  A vampire mosquito (D:13)
  A soldier ant (D:11)
  An acid dragon (D:11)
  5 wargs
  A soldier ant (shapeshifter) (Vaults:3)
  8 water moccasins
  17 ice beasts
  35 orc warriors
  4 porcupines
  2 phantoms
  2 sky beasts
  22 ogres
  3 black bears
  2 centaurs
  7 wolves
  6 crocodiles
  3 big kobolds
  18 bullfrogs
  A wyvern skeleton (D:11)
  6 scorpions
  A water moccasin skeleton (D:4)
  5 killer bees (D:9)
  An electric eel (Lair:5)
  2 vampire bats (Orc:2)
  2 troll skeletons (Volcano)
  4 wights (D:10)
  2 spriggan skeletons (Volcano)
  A bullfrog zombie (D:5)
  A quasit (D:15)
  4 centaur zombies
  20 orc priests
  6 hounds
  5 bullfrog skeletons
  A jelly (D:9)
  25 orc wizards
  Crazy Yiuf (D:7)
  4 iguanas
  6 worker ants
  A killer bee zombie (D:7)
  A naga skeleton (Volcano)
  A hound zombie (D:5)
  Robin (D:2)
  A worker ant zombie (D:9)
  6 gnolls
  12 adders
  3 white imps
  An ufetubus (D:8)
  3 oozes
  2 adder zombies
  3 adder skeletons
  2 dart slugs
  A leopard gecko (D:9)
  118 orcs
  3 giant cockroaches
  12 goblins
  4 hobgoblins
  7 jackals
  12 kobolds
  5 quokkas
  A ball python zombie (D:5)
  7 bats
  2 frilled lizards
  A jackal zombie (D:5)
  3 rats
  10 starspawn tentacles (WizLab)
872 creatures vanquished.

Vanquished Creatures (collateral kills)
  An orc high priest (Orc:2)
  A manticore (Shoals:4)
  2 yaks (D:13)
  A neqoxec (WizLab)
5 creatures vanquished.

Vanquished Creatures (others)
  A merfolk aquamancer (Shoals:4)
  A harpy (Shoals:4)
  A water nymph (Shoals:4)
  A merfolk siren (Shoals:4)
  An orc warrior (Vaults:3)
  An orc wizard (Orc:2)
  16 fungi
  61 plants
  8 starspawn tentacles (WizLab)
  A withered plant (D:5)
92 creatures vanquished.

Grand Total: 969 creatures vanquished

Notes
Turn   | Place    | Note
-------+----------+-------------------------------------------
     0 | D:1      | ipx the Minotaur Fighter began the quest for the Orb.
     0 | D:1      | Reached XP level 1. HP: 19/19 MP: 0/0
    59 | D:1      | Reached skill level 3 in Axes
    59 | D:1      | Reached XP level 2. HP: 23/26 MP: 1/1
   109 | D:2      | Reached skill level 4 in Axes
   214 | D:2      | Reached XP level 3. HP: 28/31 MP: 2/2
   227 | D:2      | Noticed Robin
   237 | D:2      | Killed Robin
   275 | D:2      | Reached skill level 5 in Axes
   305 | D:3      | Reached XP level 4. HP: 25/39 MP: 3/3
   592 | D:3      | Reached XP level 5. HP: 45/46 MP: 4/4
   604 | D:3      | You fall into a shaft and drop 1 floor!
   611 | D:4      | Reached skill level 6 in Axes
   685 | D:4      | Found a glowing golden altar of the Shining One.
   727 | D:4      | Found a white marble altar of Elyvilon.
   774 | D:4      | Reached skill level 5 in Fighting
   776 | D:4      | Reached XP level 6. HP: 56/56 MP: 5/5
   842 | D:5      | Entered Level 5 of the Dungeon
   876 | D:5      | Reached skill level 7 in Axes
   927 | D:5      | Found a sacrificial altar of Ru.
   978 | D:5      | Found a blossoming altar of Fedhas.
  1194 | D:6      | Reached XP level 7. HP: 60/63 MP: 6/6
  1212 | D:5      | Found an ornate altar of the Wu Jian Council.
  1218 | D:6      | Reached skill level 8 in Axes
  1230 | D:6      | Found a runed translucent door.
  1231 | D:6      | Found a shimmering altar of Xom.
  1231 | D:6      | Noticed gbos's ghost (novice NaWn)
  1232 | D:6      | Noticed a +0 dagger of chaos
  1238 | D:6      | Reached skill level 5 in Armour
  1330 | D:7      | Identified a scroll of acquirement
  1360 | D:7      | Reached XP level 8. HP: 67/70 MP: 7/7
  1375 | D:7      | Reached skill level 9 in Axes
  1375 | D:7      | Reached skill level 1 in Evocations
  1400 | D:7      | Found a broken altar of Ashenzari.
  1419 | D:7      | Found a shimmering blue altar of Sif Muna.
  1532 | D:7      | Found a runed translucent door.
  1533 | D:7      | Noticed Crazy Yiuf
  1539 | D:7      | Killed Crazy Yiuf
  1586 | D:7      | Found a transporter.
  1595 | D:7      | Found a transporter.
  1596 | D:7      | Noticed a rakshasa
  1606 | D:7      | Found a snail-covered altar of Cheibriados.
  1606 | D:7      | Found a burning altar of Makhleb.
  1616 | D:7      | Acquired a +2 vampiric executioner's axe
  1626 | D:7      | Reached skill level 1 in Dodging
  1635 | D:7      | Killed a rakshasa
  1635 | D:7      | Reached skill level 10 in Axes
  1635 | D:7      | Reached XP level 9. HP: 34/75 MP: 8/8
  1637 | D:7      | Became a worshipper of Makhleb the Destroyer
  2037 | D:9      | Found Qizom's Gadget Emporium.
  2040 | D:9      | Bought a condenser vane (2/2) for 240 gold pieces
  2040 | D:9      | Bought a wand of paralysis (3) for 60 gold pieces
  2177 | D:9      | Reached skill level 11 in Axes
  2310 | D:9      | Reached * piety under Makhleb
  2317 | D:9      | Reached skill level 5 in Dodging
  2344 | D:10     | Entered Level 10 of the Dungeon
  2348 | D:10     | Noticed a two-headed ogre
  2360 | D:10     | HP: 5/118 [two-headed ogre/+0 giant spiked club (10)]
  2363 | D:10     | Killed a two-headed ogre
  2363 | D:10     | Reached XP level 10. HP: 29/86 MP: 9/9
  2404 | D:10     | Noticed Erica
  2415 | D:10     | Killed Erica
  2415 | D:10     | Reached skill level 12 in Axes
  2490 | D:10     | Found a staircase to the Lair.
  2618 | D:11     | Reached ** piety under Makhleb
  2662 | D:11     | Reached skill level 13 in Axes
  2802 | D:11     | Reached XP level 11. HP: 97/97 MP: 10/10
  2855 | D:12     | Noticed Snorg
  2862 | D:12     | Killed Snorg
  2862 | D:12     | Reached skill level 1 in Invocations
  2976 | D:13     | Reached *** piety under Makhleb
  2982 | D:13     | Found a stormy altar of Qazlal.
  3031 | D:12     | Noticed a green ugly thing
  3044 | D:12     | Killed a green ugly thing
  3060 | D:12     | Noticed Fannar
  3066 | D:12     | Killed Fannar
  3066 | D:12     | Reached skill level 14 in Axes
  3096 | D:12     | Noticed a purple ugly thing
  3101 | D:12     | Killed a purple ugly thing
  3125 | D:11     | Found Jahy's Magic Scroll Shoppe.
  3134 | D:11     | Bought a scroll of blinking for 90 gold pieces
  3134 | D:11     | Bought 2 scrolls of identify for 48 gold pieces
  3149 | D:11     | Noticed a two-headed ogre
  3155 | D:11     | Killed a two-headed ogre
  3198 | D:11     | Reached skill level 10 in Armour
  3239 | D:11     | Noticed a two-headed ogre
  3251 | D:11     | Killed a two-headed ogre
  3288 | D:12     | Reached skill level 15 in Axes
  3511 | D:13     | Noticed a vault guard
  3520 | D:13     | Killed a vault guard
  3540 | D:13     | Found a gate to the Vaults.
  3577 | D:13     | Reached XP level 12. HP: 105/105 MP: 14/14
  3598 | D:13     | Reached **** piety under Makhleb
  3700 | D:15     | Entered Level 15 of the Dungeon
  3817 | D:15     | Reached skill level 10 in Fighting
  3873 | D:14     | Reached skill level 16 in Axes
  3942 | D:14     | Reached skill level 5 in Invocations
  4194 | D:10     | Found a staircase to the Orcish Mines.
  4202 | D:10     | Reached ***** piety under Makhleb
  4230 | Orc:1    | Entered Level 1 of the Orcish Mines
  4346 | Orc:2    | Entered Level 2 of the Orcish Mines
  4391 | Orc:1    | Noticed an orc warlord
  4482 | Orc:2    | Found a roughly hewn altar of Beogh.
  4502 | Orc:2    | Found a roughly hewn altar of Beogh.
  4550 | Orc:2    | Noticed a two-headed ogre
  4559 | Orc:2    | Killed a two-headed ogre
  4559 | Orc:2    | Reached skill level 17 in Axes
  4656 | Orc:2    | Found a roughly hewn altar of Beogh.
  4783 | Orc:2    | Reached XP level 13. HP: 113/113 MP: 16/16
  4804 | Orc:2    | Noticed a stone giant
  4826 | Orc:2    | Killed a stone giant
  4862 | Orc:2    | Found a roughly hewn altar of Beogh.
  4862 | Orc:2    | Found Koppyma's Antique Weapon Shop.
  4919 | Orc:2    | Found a roughly hewn altar of Beogh.
  4967 | Orc:2    | Found a roughly hewn altar of Beogh.
  4971 | Orc:2    | Reached ****** piety under Makhleb
  4974 | Orc:2    | Found Opoekhimn's Magic Scroll Shoppe.
  5000 | Orc:2    | Found a staircase to the Elven Halls.
  5082 | Orc:2    | Noticed an orc warlord
  5115 | Orc:2    | Killed an orc warlord
  5156 | Orc:2    | Found Huveomea's Antique Armour Emporium.
  5156 | Orc:2    | Found a roughly hewn altar of Beogh.
  5158 | Orc:2    | Found Jivefel's Antique Weapon Shoppe.
  5225 | Orc:2    | Bought a scroll of identify for 26 gold pieces
  5225 | Orc:2    | Bought 3 scrolls of magic mapping for 136 gold pieces
  5225 | Orc:2    | Bought a scroll of identify for 26 gold pieces
  5225 | Orc:2    | Bought a scroll of identify for 26 gold pieces
  5225 | Orc:2    | Bought a scroll of identify for 26 gold pieces
  5225 | Orc:2    | Bought a scroll of vulnerability for 97 gold pieces
  5260 | Orc:1    | Noticed an ettin
  5265 | Orc:1    | Killed an ettin
  5440 | Lair:1   | Entered Level 1 of the Lair of Beasts
  5683 | Lair:2   | Found a staircase to the Snake Pit.
  5827 | Lair:2   | Reached skill level 18 in Axes
  5886 | Lair:2   | Noticed Maggie
  5896 | Lair:2   | Killed Maggie
  5933 | Lair:3   | Found a frozen archway.
  5996 | IceCv    | Entered an ice cave
  5997 | IceCv    | Found a transporter.
  6000 | IceCv    | Reached skill level 10 in Dodging
  6023 | IceCv    | Found a transporter.
  6226 | Lair:4   | Found a dark tunnel.
  6243 | Volcano  | Entered a volcano
  6457 | Volcano  | Reached XP level 14. HP: 95/125 MP: 18/18
  6578 | Lair:5   | Identified the Handbook of Mutagenic Weightlessness
  6714 | Lair:6   | Entered Level 6 of the Lair of Beasts
  6722 | Lair:6   | Reached skill level 19 in Axes
  6908 | Lair:6   | Reached skill level 5 in Evocations
  6991 | Lair:6   | Got a flickering wooden ring
  6995 | Lair:6   | Got a heavily runed platinum amulet
  7005 | Lair:6   | Identified the amulet of Luafues {Reflect +Inv rElec rN++
                  | Dex+2 SH+5} (You found it on level 6 of the Lair of Beasts)
  7006 | Lair:6   | Identified the ring of Daffodils {+Blink Str+2 Dex+6} (You
                  | found it on level 6 of the Lair of Beasts)
  7078 | Lair:6   | Noticed Sonja
  7087 | Lair:6   | Killed Sonja
  7366 | Lair:5   | Reached skill level 20 in Axes
  7433 | Lair:5   | Found a viscous altar of Jiyva.
  7433 | Lair:5   | Found a staircase to the Slime Pits.
  7719 | D:9      | Bought a wand of enslavement (7) for 108 gold pieces
  7719 | D:9      | Bought a wand of iceblast (10) for 168 gold pieces
  7719 | D:9      | Bought a wand of paralysis (9) for 132 gold pieces
  7719 | D:9      | Bought a wand of iceblast (3) for 84 gold pieces
  7719 | D:9      | Bought a box of beasts (3/3) for 240 gold pieces
  7719 | D:9      | Bought a box of beasts (3/3) for 240 gold pieces
  7719 | D:9      | Bought a phial of floods for 480 gold pieces
  7923 | Lair:4   | Found a staircase to the Shoals.
  7929 | Shoals:1 | Entered Level 1 of the Shoals
  8090 | Shoals:2 | Reached XP level 15. HP: 132/132 MP: 20/20
  8302 | Shoals:3 | Noticed Louise
  8323 | Shoals:3 | Killed Louise
  8371 | Shoals:4 | Entered Level 4 of the Shoals
  8376 | Shoals:4 | Found Daduxiko's Jewellery Shoppe.
  8379 | Shoals:4 | Found Ronuwneut's Weapon Shop.
  8436 | Shoals:4 | Noticed Nikola
  8455 | Shoals:4 | Killed Nikola
  8520 | Shoals:4 | Noticed Bai Suzhen
  8534 | Shoals:4 | Killed Bai Suzhen
  8660 | Shoals:4 | Got a barnacled rune of Zot
  8716 | Shoals:3 | Noticed Polyphemus
  8724 | Shoals:3 | Reached skill level 10 in Evocations
  8752 | Shoals:3 | Killed Polyphemus
  8752 | Shoals:3 | Reached skill level 21 in Axes
  9103 | Vaults:1 | Entered Level 1 of the Vaults
  9241 | Vaults:1 | Reached XP level 16. HP: 139/139 MP: 21/21
  9310 | Vaults:2 | Found a magical portal.
  9333 | WizLab   | Entered Lehudib's Moon Base
  9372 | WizLab   | Found a transporter.
  9418 | WizLab   | Noticed a tentacled starspawn
  9429 | WizLab   | Killed a tentacled starspawn
  9440 | WizLab   | Noticed a tentacled starspawn
  9453 | WizLab   | Killed a tentacled starspawn
  9642 | WizLab   | Noticed a tentacled starspawn
  9643 | WizLab   | Noticed a quicksilver dragon
  9646 | WizLab   | Killed a tentacled starspawn
  9652 | WizLab   | Noticed a tentacled starspawn
  9654 | WizLab   | Noticed a tentacled starspawn
  9658 | WizLab   | Killed a quicksilver dragon
  9664 | WizLab   | Killed a tentacled starspawn
  9664 | WizLab   | Killed a tentacled starspawn
  9664 | WizLab   | Reached skill level 22 in Axes
  9714 | WizLab   | Gained mutation: You tend to lose your temper in combat. [a
                  | neqoxec]
  9778 | WizLab   | Noticed a tentacled starspawn
  9790 | WizLab   | Killed a tentacled starspawn
  9827 | WizLab   | Noticed a tentacled starspawn
  9831 | WizLab   | Killed a tentacled starspawn
  9831 | WizLab   | Noticed a tentacled starspawn
  9831 | WizLab   | Noticed a quicksilver dragon
  9835 | WizLab   | Killed a tentacled starspawn
  9840 | WizLab   | Killed a quicksilver dragon
  9842 | WizLab   | Found a transporter.
  9869 | WizLab   | Noticed a moon troll
  9869 | WizLab   | Noticed a tentacled starspawn
  9880 | WizLab   | Killed a moon troll
  9890 | WizLab   | Killed a tentacled starspawn
  9928 | WizLab   | Got a sparkling iron amulet
  9939 | WizLab   | Identified the amulet of Enaitt {Fragile Regen+ Str+6} (You
                  | found it in a wizard's laboratory)
  9941 | WizLab   | Got an ivory morningstar
  9942 | WizLab   | Identified the +5 morningstar of Dissatisfaction {freeze,
                  | *Noise rPois MR+} (You found it in a wizard's laboratory)
  9981 | Vaults:3 | Reached XP level 17. HP: 150/150 MP: 23/23
 10133 | Vaults:3 | Reached skill level 10 in Invocations
 10164 | Vaults:3 | Found Xafa's Jewellery Shop.
 10369 | Vaults:3 | Learned a level 1 spell: Apportation
 10427 | Vaults:3 | Reached skill level 1 in Translocations
 10428 | Vaults:3 | Found a staircase to the Crypt.
 10756 | Vaults:5 | Entered Level 5 of the Vaults
 10760 | Vaults:5 | Noticed a tentacled monstrosity
 10765 | Vaults:5 | Noticed a golden dragon
 10777 | Vaults:5 | Reached skill level 23 in Axes
 10778 | Vaults:5 | Killed a golden dragon
 10780 | Vaults:5 | Reached skill level 5 in Translocations
 10781 | Vaults:5 | Killed a tentacled monstrosity
 10781 | Vaults:5 | Reached XP level 18. HP: 161/161 MP: 24/24
 10826 | Vaults:5 | Got a silver rune of Zot
 10917 | Vaults:5 | Reached skill level 15 in Fighting
 10925 | Vaults:5 | HP: 8/163 [titan (30)]
 10933 | Vaults:5 | Killed from afar by a titan

Illustrated notes

Levels and vault maps discovered:
D:1:      ldierk_walled_garden_2, layout_rooms
D:2:      layout_loops_cross, uniq_robin
D:3:      layout_basic, lemuel_coloured_pillars_altar
D:4:      layout_loops_ring, tso_metal_star, elyvilon_altar_4, serial_shops,
          nicolae_shop_behind_doors
D:5:      layout_rooms, fedhas_bush_and_centaur_altar,
          nicolae_dithmenos_shadow_blocks, nicolae_overflow_hidden_temple,
          minmay_temple_entry_fiery, serial_undead, serial_undead_b,
          serial_undead_e, serial_undead_d, serial_undead_f,
          nicolae_ru_awakened_eye
D:6:      layout_cave_pods, ebering_ghost_xom, uniq_prince_ribbit1
D:7:      layout_cave_pools, nicolae_ashenzari_panopticon,
          gammafunk_temple_overflow_arena, led_sif_pool, uniq_crazy_yiuf_cottage
D:8:      layout_basic, nicolae_two_hexagons
D:9:      minmay_bubble_buster, layout_irregular_city, serial_shops, shop,
          minivault_23
D:10:     layout_irregular_city, lair_entry_dummy, david_orc_2, serial_shops,
          nicolae_shop_behind_doors, uniq_erica
D:11:     layout_stronghold, serial_shops, shop
D:12:     layout_loops_ring, uniq_snorg, uniq_fannar
D:13:     layout_small_grid, david_vaults_5, basic_altar, nicolae_benzene_ring,
          pf_just_have_faith
D:14:     layout_loops_ring, minmay_holes, serial_shops,
          nicolae_shop_behind_doors, uniq_roxanne, uniq_nessos
D:15:     grunt_enter_depths_hoard, layout_irregular_city,
          hangedman_decor_points, uniq_agnes
Lair:1:   layout_cave_shapes
Lair:2:   layout_roguey, dummy_snake_entry, uniq_maggie
Lair:3:   layout_misc_corridors, portal_ice_cave_entry_ice_beasts
Lair:4:   layout_regular_city, elwin_shoals_entry_rooms,
          nicolae_volcano_entry_lava_flow, chequers_serial_rivers_small_3
Lair:5:   layout_gridlike, slime_altar_1, special_room [special_room_bee],
          infiniplex_staircase_pool
Lair:6:   evilmike_catoblepas_cave, layout_loops_ring, uniq_sonja
Shoals:1: layout_shoals, uniq_frances
Shoals:2: nicolae_shoals_island_circles, layout_shoals,
          wheals_shoals_ruined_temple
Shoals:3: layout_shoals, nicolae_shoals_flooded_hall, uniq_polyphemus,
          uniq_louise
Shoals:4: shoals_end_hangedman, layout_shoals, serial_shops, nicolae_shop_trees,
          nicolae_shop_behind_doors, uniq_bai_suzhen, uniq_nikola
Orc:1:    layout_caves, abandoned_shop
Orc:2:    grunt_orc_community_town_hall, layout_caves,
          grunt_orc_community_big_house_2, grunt_orc_community_big_house_1,
          grunt_orc_community_house_1, grunt_orc_community_house_2,
          grunt_orc_community_house_2, grunt_orc_community_house_1,
          grunt_orc_community_house_2, roderic_batcave, bh_open_orc_temple
Vaults:1: nicolae_vaults_alarming, vaults_standard_mumra_enter_the_diamond,
          hangedman_vaults_restitches, hangedman_vaults_nodes, v_misc_13,
          nicolae_vaults_circle_grid_b, vaults_room_pool, hangedman_vaults_maws,
          ontoclasm_vaults_shuriken, v_pattern_3, layout_vaults_big_cross
Vaults:2: vaults_room_ringed_pool, vaults_room_stairs_pillars,
          ontoclasm_vaults_idyll, v_misc_3, vaults_mumra_hex, vaults_room_pools,
          hangedman_vaults_river_flow, v_misc_12,
          nicolae_vaults_little_squares_4, hangedman_vaults_corner,
          ontoclasm_vaults_tryst, hangedman_vaults_slither,
          layout_vaults_omnibox, mu_enter_wizlab_1, serial_shops, statue_bzr
Vaults:3: hangedman_vaults_impose, nicolae_vaults_network_square,
          minmay_crypt_entry_simple_corners, ontoclasm_vaults_twist,
          layout_vaults_omnigrid, serial_shops, shop
Vaults:4: ontoclasm_vaults_pinch, nicolae_vaults_three_branches, v_misc_16,
          v_alt_pattern_1, v_misc_9, v_alt_pattern_3, hangedman_vaults_cutoff,
          nicolae_vaults_big_ls, v_misc_12, vaults_room_door_hall,
          layout_vaults_chaotic_city, serial_shops, nicolae_shop_behind_doors
Vaults:5

Skill      XL: |  1  2  3  4  5  6  7  8  9 10 11 12 13 14 15 16 17 18 |
---------------+-------------------------------------------------------+-----
Axes           | 3 4 5 6 7 8 10 11 13 15 17 18 20 21 22 23 | 23.2
Fighting       | 4 5 6 7 9 10 11 12 13 14 15 | 15.0
Armour         | 4 6 7 8 10 11 12 | 12.5
Evocations     | 4 7 10 | 10.0
Dodging        | 3 5 7 8 10 12 13 | 13.8
Invocations    | 4 6 7 8 9 10 | 10.0
Translocations | 5 6 |  6.0
Shields        | |  3.6

Action                   |  1- 3 |  4- 6 |  7- 9 | 10-12 | 13-15 | 16-18 || total
-------------------------+-------+-------+-------+-------+-------+-------++-------
Melee: War axe           |    50 |    80 |    56 |       |       |       ||   186
       Headbutt          |     6 |    14 |    21 |   104 |   219 |   144 ||   508
       Executioner's axe |       |       |    65 |   432 |   698 |   389 ||  1584
       Dire flail        |       |       |       |       |    13 |       ||    13
Invok: Lesser Servant of |       |       |       |     2 |     4 |     2 ||     8
 Abil: Evoke Invisibilit |       |       |       |       |     3 |       ||     3
       Evoke Blink       |       |       |       |       |     1 |       ||     1
Evoke: Wand              |       |       |     4 |    10 |    25 |       ||    39
       Condenser vane    |       |       |     1 |     3 |     1 |       ||     5
       Box of beasts     |       |       |       |       |     1 |     6 ||     7
  Use: Scroll            |       |     6 |     6 |     6 |    24 |    11 ||    53
       Potion            |       |       |     6 |     2 |     9 |     3 ||    20
 Stab: Distracted        |       |       |       |     1 |     1 |     2 ||     4
       Paralysed         |       |       |       |       |     5 |       ||     5
       Petrified         |       |       |       |       |     7 |       ||     7
       Invisible         |       |       |       |       |     8 |       ||     8
Armor: Scale mail        |    20 |       |       |       |       |       ||    20
       Chain mail        |     2 |    46 |    64 |       |       |       ||   112
       Plate armour      |       |       |    13 |   324 |   424 |    31 ||   792
       Skin              |       |       |     4 |     1 |       |       ||     5
       Quicksilver drago |       |       |       |       |       |   103 ||   103
Dodge: Dodged            |    15 |    16 |    45 |   295 |   500 |   288 ||  1159
Block: Kite shield       |    18 |    41 |    22 |       |       |       ||    81
       Other             |       |       |       |       |    94 |    36 ||   130
       Reflection        |       |       |       |       |    15 |     1 ||    16

Table legend: (Time is in decaauts)
 A = Elapsed time spent in this place.
 B = Non-inter-level travel time spent in this place.
 C = Inter-level travel time spent in this place.
 D = Time resting spent in this place.
 E = Time spent auto-exploring this place.
 F = Levels seen in this place.
 G = Mean time per level.
                   A        B        C        D        E       F      G
               +--------+--------+--------+--------+--------+-----+--------+
         Total |  11206 |  10894 |    312 |      4 |      2 |  35 |  320.2 |
       Dungeon |   4767 |   4709 |     58 |      0 |      2 |  15 |  317.8 |
          Lair |   2078 |   1928 |    150 |      0 |      0 |   6 |  346.3 |
        Shoals |   1045 |   1045 |      0 |      4 |      0 |   4 |  261.2 |
  Orcish Mines |   1192 |   1089 |    103 |      0 |      0 |   2 |  596.0 |
        Vaults |   1200 |   1200 |      0 |      0 |      0 |   5 |  240.0 |
      Ice Cave |     56 |     56 |      0 |      0 |      0 |   1 |   56.0 |
       Volcano |    256 |    256 |      0 |      0 |      0 |   1 |  256.0 |
        Wizlab |    609 |    609 |      0 |      0 |      0 |   1 |  609.0 |
               +--------+--------+--------+--------+--------+-----+--------+

Top non-repeatable levels by time:
   Orc:2: 986 daAuts
  WizLab: 609 daAuts
  Lair:6: 573 daAuts
    D:12: 538 daAuts
Vaults:3: 538 daAuts
    D:10: 513 daAuts
     D:9: 512 daAuts
    D:11: 484 daAuts
     D:7: 400 daAuts
  Lair:5: 372 daAuts
  Lair:2: 367 daAuts
Shoals:4: 360 daAuts
     D:8: 328 daAuts
    D:13: 327 daAuts
  Lair:4: 306 daAuts
